 Dungeon Crawl Stone Soup version 0.20-a0-4-gd166d5d (webtiles) character file.

282 Leibowitz the Poker (level 5, -1/41 HPs)
             Began as a Demigod Gladiator on Oct 31, 2016.
             Slain by an orc wizard
             ... wielding a +0 dagger
              (4 damage)
             ... on level 4 of the Dungeon.
             The game lasted 00:08:37 (3463 turns).

Leibowitz the Poker (Demigod Gladiator)             Turns: 3463, Time: 00:08:38

Health: -1/41      AC:  7    Str: 18    XL:     5   Next: 78%
Magic:  7/7        EV: 14    Int: 12    God:
Gold:   142        SH:  0    Dex: 18    Spells: 0 memorised, 4 levels left

rFire  . . .     SeeInvis .     a - +0 trident
rCold  . . .     Gourm    .     k - +2 leather armour {rPois}
rNeg   . . .     Faith    .     (no shield)
rPois  +         Spirit   .     c - +0 helmet
rElec  .         Reflect  .     j - +0 cloak
rCorr  .         Harm     .     (no gloves)
MR     .....                    (no boots)
Stlth  ++........               (no amulet)
                                (no ring)
                                (no ring)

@: flying
A: high mp 1
a: no special abilities


You were on level 4 of the Dungeon.
You were hungry.

You visited 1 branch of the dungeon, and saw 4 of its levels.

You collected 142 gold pieces.

Inventory:

Hand Weapons
 a - a +0 trident (weapon)
Missiles
 d - 3 throwing nets (quivered)
 m - 28 poisoned needles
Armour
 c - a +0 helmet (worn)
 j - a +0 cloak (worn)
 k - a +2 leather armour of poison resistance (worn)
Scrolls
 b - a scroll of recharging {unknown}
 e - 2 scrolls of teleportation {unknown}
 g - 7 scrolls of identify {unknown}
 o - a scroll of immolation {unknown}
Potions
 n - a potion of heal wounds {unknown}
 p - a potion of resistance {unknown}
Comestibles
 f - 3 bread rations
 i - a slice of pizza


   Skills:
 + Level 2.2 Fighting
 + Level 4.6 Polearms
 + Level 2.1 Throwing
 + Level 1.7 Armour
 + Level 3.4 Dodging
 + Level 2.0 Stealth


You had 4 spell levels left.
You didn't know any spells.

Dungeon Overview and Level Annotations

Branches:
Dungeon (4/15)
 Temple: D:4-7


Innate Abilities, Weirdness & Mutations

You have an increased reservoir of magic. (+10% MP)


Message History

Beogh smites you! The orc wizard barely misses you.
You puncture the orc wizard!
The orc wizard is almost dead.
The orc wizard hits you but does no damage. x2
You closely miss the orc wizard.
The orc wizard is almost dead.
The orc wizard completely misses you.
The orc wizard points at you and mumbles some strange words.
The puff of flame hits you!
You hit the orc wizard.
The orc wizard is almost dead.
The orc wizard miscasts a cantrip.
The orc priest hits you but does no damage.
The orc priest mumbles some strange prayers to Beogh against you.
Beogh smites you!
* * * LOW HITPOINT WARNING * * *
It was a potion of flight.
You feel very buoyant.
You fly up into the air.
The orc wizard hits you with a dagger.
You die...

#....# #....# #....###
#......###### #######
#.>..#......# .......
##.########.## ....... #.#
#..# ### ....... #.# ##.#
#..
..<....####@#########.####..
..........oo................
...o....###.#########.####..
o..........o#########..#####
.......####.................
####### #)##.#######.#####
#....# #.# #).### #.##
#######)## #..##


You could see 2 orc priests and an orc wizard.

Vanquished Creatures
  A howler monkey (D:4)
  An orc priest (D:4)
  Jessica (D:2)
  A worker ant (D:4)
  5 adders
  An ooze (D:4)
  3 worms
  2 dart slugs
  4 leopard geckos
  6 orcs
  10 bats
  7 giant cockroaches
  6 hobgoblins
  11 jackals
  2 quokkas
  3 frilled lizards
  11 goblins
  9 kobolds
  5 rats
89 creatures vanquished.

Notes
Turn   | Place    | Note
-------+----------+-------------------------------------------
     0 | D:1      | Leibowitz the Demigod Gladiator began the quest for the Orb.
     0 | D:1      | Reached XP level 1. HP: 17/17 MP: 3/3
   353 | D:1      | Reached XP level 2. HP: 21/24 MP: 4/4
   449 | D:1      | Reached skill level 3 in Polearms
   876 | D:1      | Reached XP level 3. HP: 28/29 MP: 5/5
   909 | D:2      | Found a sacrificial altar of Ru.
  1013 | D:2      | Reached skill level 1 in Armour
  1456 | D:2      | Reached skill level 1 in Stealth
  1479 | D:2      | Reached XP level 4. HP: 23/36 MP: 6/6
  1773 | D:2      | Noticed Jessica
  1788 | D:2      | Killed Jessica
  2325 | D:2      | Reached skill level 4 in Polearms
  2631 | D:3      | Found a blossoming altar of Fedhas.
  2842 | D:4      | Reached XP level 5. HP: 41/41 MP: 7/7
  2867 | D:4      | Found a shadowy altar of Dithmenos.
  3463 | D:4      | Slain by an orc wizard

Vault maps used:
D:1:      dpeg_arrival_castle
D:2:      minmay_door_path, nicolae_ru_great_annihilating_truth, uniq_jessica
D:3:      overflow_temple_1_default
D:4:      nicolae_dithmenos_shadow_blocks

Skill      XL: |  1  2  3  4  5 |
---------------+----------------+-----
Throwing       | 2 |  2.1
Polearms       | 3 4 |  4.6
Fighting       | 2 |  2.2
Dodging        | 3 |  3.4
Armour         | 1 |  1.7
Stealth        | 1 2 |  2.0

Action                   |  1- 3 |  4- 6 || total
-------------------------+-------+-------++-------
Melee: Trident           |   170 |   143 ||   313
  Use: Potion            |       |     1 ||     1
 Stab: Sleeping          |     2 |     3 ||     5
       Invisible         |     1 |       ||     1
       Paralysed         |     1 |       ||     1
       Distracted        |       |     1 ||     1
  Eat: Chunk             |     2 |     6 ||     8
Armor: Leather armour    |    53 |    45 ||    98
Dodge: Dodged            |   130 |    67 ||   197
